Map: 2000 애트모스피어 - 래더

Players

Dream

  • Race: Terran Terran
  • League: Master

DPGRogue (Rogue) - Winner!

  • Race: Zerg Zerg

Event: DreamHack SC2 Masters Last Chance 2022

VOD

Have the link to the VOD?

Description

Time

  • Played on: Dec. 15, 2021, 5:37 a.m.
  • Length: 17:00

All games in this series

Show
View Real Time Build Order
Export as new Build Order

Dream Terran 

Build Orders: Reaper Expand, Mech 

Get SALT Encoding   

  12  0:00  SCV  
  13  0:12  SCV  
  14  0:16  Supply Depot  
  14  0:24  SCV  
  15  0:38  SCV  
  15  0:40  Barracks  
  16  0:43  Refinery  
  16  0:50  SCV  
  17  1:02  SCV  
  18  1:14  SCV  
  19  1:26  Orbital Command  
  19  1:27  Reaper  
  20  1:38  Command Center  
  20  1:47  Supply Depot  
  20  1:52  SCV  
  21  1:59  Marine  
  22  2:04  SCV  
  22  2:06  Factory  
  23  2:16  SCV  
  23  2:17  Marine  
  25  2:28  SCV  
  26  2:35  Barracks Reactor  
  26  2:40  Command Center  
  26  2:41  SCV  
  27  2:51  Hellion  
  29  2:53  Orbital Command  
  29  2:56  SCV  
  30  3:06  Starport  
  30  3:10  SCV  
  31  3:17  Refinery  
  31  3:19  Refinery  
  30  3:23  SCV  
  30  3:25  Hellion  
  30  3:26  Hellion  
  35  3:29  SCV  
  36  3:35  SCV  
  36  3:41  SCV  
  38  3:47  Hellion, SCV  
  38  3:48  Fusion Core  
  41  3:49  Hellion  
  41  3:53  Orbital Command  
  43  3:59  SCV x2  
  45  4:04  Viking  
  47  4:11  SCV x2  
  47  4:13  Barracks Tech Lab  
  47  4:16  Hellion  
  47  4:17  Hellion  
  53  4:20  Supply Depot  
  53  4:21  SCV  
  53  4:24  SCV x2  
  56  4:34  SCV  
  56  4:37  SCV x2  
  61  4:42  Supply Depot  
  59  4:46  SCV  
  59  4:49  SCV  
  59  4:50  Battlecruiser  
  59  4:51  SCV  
  68  4:52  Refinery  
  68  5:01  Supply Depot  
  68  5:04  Hellion x2  
  68  5:06  SCV  
  68  5:07  Orbital Command  
  73  5:08  Weapon Refit  
  73  5:09  SCV  
  73  5:12  Supply Depot  
  74  5:18  SCV  
  75  5:23  SCV  
  75  5:25  Factory x2  
  78  5:28  Hellion  
  78  5:29  Hellion  
  78  5:30  SCV  
  78  5:33  SCV  
  82  5:38  SCV  
  82  5:41  Refinery  
  82  5:42  SCV  
  84  5:43  Refinery  
  84  5:45  Supply Depot  
  84  5:50  SCV  
  84  5:51  Hellion, Supply Depot  
  84  5:54  Hellion  
  89  5:59  SCV  
  89  6:00  Supply Depot, SCV  
  91  6:07  Battlecruiser  
  97  6:11  SCV  
  97  6:12  SCV  
  97  6:15  SCV  
  97  6:17  Factory Tech Lab x2  
  100  6:19  Hellion x2  
  100  6:23  SCV  
  100  6:24  SCV  
  96  6:33  SCV  
  96  6:36  SCV  
  96  6:37  SCV  
  96  6:39  Hellion x2  
  94  6:45  SCV  
  88  6:48  SCV  
  88  6:49  SCV  
  88  6:53  Hellion x2  
  88  6:57  SCV  
  88  6:59  Armory  
  88  7:00  SCV, Armory  
  88  7:01  SCV, Engineering Bay  
  90  7:06  Cyclone x2  
  97  7:09  SCV  
  97  7:12  SCV  
  97  7:13  SCV  
  100  7:16  Battlecruiser  
  100  7:21  SCV  
  107  7:23  Supply Depot  
  107  7:27  SCV x2  
  109  7:35  Supply Depot, Missile Turret  
  109  7:42  Factory, Supply Depot  
  109  7:43  Factory  
  109  7:45  Widow Mine x2  
  109  7:49  Terran Vehicle Weapons Level 1, Terran Vehicle And Ship Armor Level 1  
  109  7:50  Missile Turret  
  109  7:51  Missile Turret  
  113  7:52  Missile Turret  
  113  7:55  SCV x3  
  116  7:59  Siege Tank x2  
  122  8:07  Supply Depot, SCV x2  
  120  8:22  Battlecruiser  
  120  8:30  SCV x3  
  112  8:36  Command Center  
  112  8:39  Widow Mine x2  
  112  8:40  Factory Reactor, Factory Tech Lab  
  116  8:42  SCV x3  
  115  8:54  SCV x2  
  112  9:00  SCV  
  110  9:10  Cyclone x2  
  110  9:11  SCV x2  
  110  9:13  Infernal Pre-Igniter  
  110  9:15  SCV  
  119  9:20  Widow Mine x2  
  119  9:23  SCV x2  
  121  9:26  Widow Mine x2  
  121  9:30  Command Center  
  121  9:31  SCV  
  121  9:35  SCV, Siege Tank  
  126  9:39  SCV  
  126  9:40  Supply Depot x2  
  126  9:42  Siege Tank  
  126  9:43  Hellion, SCV  
  126  9:44  Hellion x3  
  131  9:47  SCV  
  131  9:49  Missile Turret  
  131  9:50  Siege Tank  
  131  9:51  SCV  
  136  9:57  SCV  
  137  10:07  Widow Mine x2, Hellion x2  
  137  10:08  SCV  
  137  10:09  Terran Vehicle Weapons Level 2  
  137  10:10  Supply Depot  
  146  10:16  SCV x2  
  146  10:17  Terran Vehicle And Ship Armor Level 2  
  146  10:20  SCV  
  149  10:25  Missile Turret  
  149  10:29  Mag-Field Accelerator  
  149  10:30  SCV x2  
  151  10:44  Widow Mine  
  151  10:45  Widow Mine x2  
  151  10:46  SCV x3  
  147  10:50  SCV  
  147  10:51  Siege Tank  
  147  10:54  Siege Tank x2  
  146  11:06  SCV x2  
  146  11:09  Planetary Fortress  
  144  11:11  Hellion x2  
  144  11:12  Hellion  
  144  11:13  Hellion, Refinery  
  144  11:15  Orbital Command  
  144  11:16  SCV x2  
  150  11:20  Sensor Tower  
  147  11:29  Siege Tank x2  
  137  11:36  Missile Turret x2  
  137  11:43  Hellion x2  
  141  11:47  Hellion  
  141  11:48  Hellion  
  133  11:55  SCV x3  
  133  11:59  Refinery, Orbital Command  
  136  12:05  Missile Turret, Sensor Tower  
  136  12:11  Siege Tank x2  
  136  12:12  Siege Tank  
  136  12:15  Hellion x2  
  145  12:17  SCV x4  
  145  12:22  Widow Mine x2  
  153  12:23  Command Center  
  153  12:31  Hellion x2  
  157  12:41  Command Center  
  151  12:55  Hellion x3  
  151  12:56  Hellion, Siege Tank x2, Terran Vehicle And Ship Armor Level 3, Terran Vehicle Weapons Level 3  
  151  12:57  Siege Tank  
  168  13:03  Missile Turret  
  168  13:18  Missile Turret  
  168  13:20  Command Center x2  
  168  13:24  Factory, Orbital Command  
  168  13:25  Factory x2, Starport Reactor  
  166  13:28  Siege Tank  
  166  13:31  Hellion x4  
  173  13:37  Hellion x2  
  173  13:39  Thor  
  173  13:40  Orbital Command  
  179  13:44  Thor  
  177  14:16  Siege Tank x2  
  165  14:18  Factory Reactor, Factory Tech Lab  
  165  14:21  Hellion x2  
  165  14:22  Siege Tank  
  172  14:27  Siege Tank  
  172  14:28  Hellion x2  
  172  14:29  Missile Turret  
  172  14:30  Sensor Tower, Orbital Command  
  179  14:36  Viking x2  
  183  14:44  Siege Tank  
  186  14:48  Thor  
  192  14:55  Missile Turret  
  190  15:04  Widow Mine  
  190  15:05  Widow Mine x2  
  190  15:15  Missile Turret x2  
  190  15:16  Missile Turret  
  190  15:18  Planetary Fortress  
  180  15:32  Thor  
  154  15:37  Thor x2  
  151  15:49  Orbital Command  
  147  15:55  Cyclone  
  144  16:00  Missile Turret  
  144  16:08  Widow Mine x2  
  144  16:09  Widow Mine x2, Missile Turret  
  152  16:11  SCV  
  152  16:15  SCV  
  152  16:18  Hellion  
  156  16:22  SCV  
  156  16:23  SCV x2  
  129  16:26  SCV  
  129  16:27  SCV  
Show
View Real Time Build Order
Export as new Build Order

DPGRogue Zerg - Winner!

Build Orders: Pool First 

Get SALT Encoding   

  12  0:01  Drone  
  13  0:12  Overlord  
  13  0:17  Drone  
  14  0:31  Drone x2  
  14  0:34  Drone  
  17  0:45  Drone, Extractor  
  17  0:49  Spawning Pool  
  16  0:57  Drone  
  17  1:07  Drone  
  18  1:18  Hatchery  
  17  1:22  Drone  
  18  1:38  Queen  
  18  1:39  Zergling x4  
  22  1:46  Metabolic Boost  
  22  1:52  Overlord  
  22  2:10  Drone  
  22  2:11  Drone  
  22  2:13  Queen  
  26  2:22  Zergling x2  
  27  2:30  Drone  
  27  2:34  Drone  
  29  2:40  Hatchery  
  29  2:43  Drone  
  29  2:47  Drone x2  
  29  2:49  Drone  
  32  2:55  Queen  
  34  3:01  Overlord  
  33  3:08  Drone x2  
  35  3:15  Drone  
  36  3:20  Drone x3  
  36  3:21  Drone  
  36  3:23  Drone x2  
  36  3:26  Overlord  
  42  3:31  Queen  
  44  3:35  Overlord  
  44  3:47  Drone x3  
  47  3:52  Queen  
  47  3:53  Overlord  
  47  3:54  Zergling x4  
  51  3:58  Drone x2  
  51  4:00  Queen  
  55  4:06  Drone x3  
  58  4:10  Queen  
  58  4:16  Baneling Nest  
  58  4:17  Drone x2  
  61  4:18  Drone  
  61  4:19  Drone  
  61  4:21  Drone  
  64  4:25  Drone x2  
  64  4:28  Queen  
  68  4:32  Zergling x4  
  68  4:34  Overlord  
  68  4:37  Drone x2  
  72  4:40  Overlord  
  72  4:42  Overlord  
  72  4:45  Lair  
  72  4:47  Overlord  
  72  4:52  Overlord  
  72  4:54  Drone x2  
  72  4:55  Extractor  
  72  4:56  Drone, Extractor  
  73  5:00  Zergling x4  
  73  5:02  Drone x2  
  73  5:03  Drone  
  78  5:07  Drone  
  78  5:09  Drone  
  78  5:13  Drone  
  80  5:16  Drone x2  
  80  5:17  Drone  
  80  5:20  Drone x5  
  88  5:24  Overlord, Extractor  
  88  5:25  Extractor  
  85  5:30  Drone  
  85  5:31  Drone, Evolution Chamber, Spore Crawler  
  85  5:32  Evolution Chamber  
  85  5:35  Spore Crawler  
  83  5:37  Drone  
  83  5:39  Spore Crawler  
  83  5:43  Centrifugal Hooks  
  83  5:46  Zergling x2  
  83  5:47  Zergling x8  
  83  5:49  Hatchery  
  87  5:53  Drone  
  87  5:54  Drone  
  89  5:58  Zergling x12  
  95  6:05  Extractor  
  95  6:07  Spire  
  95  6:09  Drone  
  88  6:14  Drone x2  
  88  6:18  Drone x5  
  95  6:22  Zergling x6  
  95  6:24  Zergling x2  
  99  6:28  Zergling x4  
  97  6:33  Evolution Chamber  
  97  6:34  Zergling x4  
  97  6:35  Zergling x4  
  97  6:39  Zergling x2  
  95  6:40  Zergling x2  
  84  6:57  Drone x6  
  89  7:03  Queen  
  91  7:13  Overlord  
  91  7:19  Mutalisk x9  
  91  7:21  Drone  
  91  7:22  Drone x2  
  112  7:23  Zerg Flyer Weapons Level 1  
  112  7:29  Drone x2, Overlord x2  
  112  7:33  Zerg Melee Weapons Level 1  
  112  7:39  Overlord  
  112  7:43  Drone x7  
  119  7:45  Overlord  
  119  7:49  Roach Warren  
  119  7:50  Drone x2  
  118  7:52  Zerg Missile Weapons Level 1  
  118  7:56  Drone  
  118  7:57  Drone x3  
  122  8:05  Baneling x4  
  122  8:06  Overlord x2  
  122  8:08  Drone x2  
  124  8:13  Overlord  
  120  8:30  Roach  
  120  8:31  Corruptor, Roach x4  
  120  8:32  Corruptor x5  
  140  8:37  Extractor  
  140  8:39  Roach x4, Extractor  
  140  8:40  Glial Reconstitution  
  146  8:42  Drone x4  
  146  8:46  Roach x2  
  152  8:50  Roach  
  152  8:53  Roach x2  
  152  8:55  Overlord  
  156  9:01  Corruptor x2  
  159  9:03  Drone, Baneling x2  
  159  9:08  Corruptor  
  153  9:16  Drone x9  
  155  9:20  Roach x2  
  155  9:21  Corruptor, Roach  
  154  9:32  Zerg Melee Weapons Level 2  
  154  9:33  Pneumatized Carapace  
  154  9:35  Zergling x8  
  154  9:36  Zergling x4  
  154  9:37  Zergling x2  
  161  9:38  Zergling x2  
  161  9:39  Hatchery, Zergling x4  
  163  9:48  Ravager x2  
  163  9:49  Ravager x3  
  163  9:52  Hatchery, Zergling x16  
  175  9:53  Zergling x4  
  175  9:57  Zerg Missile Weapons Level 2  
  175  9:59  Overlord x2  
  177  10:03  Zergling x2  
  177  10:04  Zergling x10  
  183  10:10  Zerg Flyer Weapons Level 2  
  183  10:11  Overlord  
  183  10:21  Corruptor x4  
  182  10:24  Zergling x2  
  182  10:27  Overlord  
  190  10:28  Drone x3  
  190  10:29  Zergling x2  
  190  10:30  Zergling x14  
  190  10:31  Overlord  
  190  10:32  Baneling  
  190  10:33  Baneling x4  
  200  10:37  Overlord  
  200  10:38  Overlord  
  190  10:47  Roach  
  190  10:48  Roach x6  
  190  10:51  Roach  
  190  10:53  Roach x4  
  199  11:00  Overlord  
  197  11:05  Roach  
  198  11:16  Overseer, Roach x2  
  198  11:17  Roach  
  200  11:21  Roach  
  200  11:22  Infestation Pit, Roach  
  200  11:24  Spine Crawler, Roach x8  
  196  11:26  Spine Crawler  
  196  11:29  Roach  
  196  11:30  Roach x4  
  196  11:31  Hatchery, Roach  
  194  11:33  Roach  
  194  11:36  Drone x2  
  194  11:37  Drone x2  
  194  11:38  Drone  
  194  11:39  Ravager  
  195  11:40  Ravager x6  
  195  11:42  Zergling x2  
  196  11:48  Roach x2  
  196  11:52  Roach x2  
  179  12:02  Corruptor x4  
  179  12:04  Zergling x4  
  189  12:08  Zergling x2  
  189  12:09  Zergling x8  
  189  12:10  Hatchery  
  189  12:13  Hive  
  189  12:14  Overseer  
  193  12:21  Ravager, Zergling x2  
  193  12:22  Ravager x2  
  197  12:23  Zergling x2  
  197  12:25  Zergling x4  
  197  12:28  Hatchery  
  197  12:29  Zergling x2  
  200  12:42  Zergling x2  
  197  12:48  Zergling x6  
  200  12:55  Baneling x10  
  200  12:56  Baneling x8  
  200  12:57  Overseer x2  
  200  13:01  Zerg Flyer Armor Level 1  
  200  13:08  Burrow  
  200  13:11  Spine Crawler  
  199  13:14  Zergling x2  
  199  13:17  Spine Crawler x2  
  199  13:18  Zergling x2, Spine Crawler  
  199  13:20  Drone x2  
  199  13:31  Zergling x2  
  199  13:35  Overlord  
  199  13:38  Adrenal Glands  
  199  13:42  Zerg Melee Weapons Level 3, Zerg Missile Weapons Level 3  
  199  13:53  Zergling x2  
  199  13:58  Spine Crawler  
  199  14:00  Zergling x2  
  199  14:01  Zergling x2, Spine Crawler  
  199  14:04  Baneling  
  199  14:05  Baneling x3  
  199  14:09  Hatchery  
  187  14:11  Zergling x2  
  165  14:17  Zergling x36  
  165  14:18  Zergling x32  
  165  14:20  Queen x2  
  165  14:22  Roach x5  
  165  14:23  Roach  
  199  14:30  Overseer x2  
  199  14:34  Baneling x4  
  198  14:41  Drone  
  199  14:46  Baneling  
  199  14:47  Baneling x15  
  199  15:06  Zergling x2  
  200  15:09  Drone x2  
  200  15:13  Drone  
  200  15:14  Drone  
  186  15:30  Zergling x28  
  186  15:31  Zergling x22  
  173  15:36  Zergling x20  
  173  15:41  Roach  
  173  15:42  Roach x13  
  194  15:45  Roach  
  194  15:47  Roach x2  
  200  15:53  Roach x2  
  200  15:56  Roach  
  193  15:58  Roach  
  193  15:59  Roach x5  
  193  16:02  Roach x2  
  198  16:06  Baneling x12  
  198  16:07  Roach  
  192  16:19  Roach x2  
  192  16:20  Roach  
  192  16:21  Roach  
  192  16:22  Roach x4  
  192  16:23  Roach x3  
  195  16:28  Hatchery  
  195  16:31  Ravager x16  

Tags
 
Add a new tag
Caveats
  • Supply blocks, unpowered buildings, or Contaminate may cause inaccurate times.
  • Supply counts are checked every 10 seconds.